 Dungeon Crawl Stone Soup version 0.28-a0-224-g76b539d98b (webtiles) character file.

Game seed: 6581866014443577460

58 Froggeryz the Sneak (level 4, -3/29 HPs)
             Began as an Octopode Brigand on Aug 21, 2021.
             Slain by an orc priest (7 damage)
             ... on level 3 of the Dungeon.
             The game lasted 00:01:31 (1676 turns).

Froggeryz the Sneak (Octopode Brigand)              Turns: 1676, Time: 00:01:31

Health: -3/29      AC:  1    Str: 10    XL:     4   Next: 2%
Magic:  4/4        EV: 12    Int: 13    God:
Gold:   104        SH:  0    Dex: 14    Spells: 3/3 levels left

rFire   . . .      SeeInvis .   a - +2 dagger
rCold   . . .      Faith    .   (no shield)
rNeg    . . .      Spirit   .   (helmet restricted)
rPois   .          Reflect  .   (no amulet)
rElec   .          Harm     .   (no ring)
rCorr   .          Rampage  .   (no ring)
Will    .....                   (no ring)
Stlth   ++++......              (no ring)
HPRegen 0.09/turn               (no ring)
MPRegen 0.09/turn               (no ring)
                                (no ring)
                                (no ring)

@: no status effects
A: almost no armour, amphibious, 8 rings, camouflage 1, gelatinous body 1,
(nimble swimmer 1), tentacles
a: no special abilities


You were on level 3 of the Dungeon.
You visited 1 branch of the dungeon, and saw 3 of its levels.

You collected 104 gold pieces.

Inventory:

Hand Weapons
 a - a +2 dagger (weapon)
 j - a +0 hunting sling
Missiles
 b - 8 poisoned darts (quivered)
 c - 2 curare-tipped darts
 f - 79 stones
 h - 25 sling bullets
Scrolls
 d - 2 scrolls of identify {unknown}
 e - a scroll of silence {unknown}
 g - a scroll of teleportation {unknown}
Potions
 i - 2 potions of lignification {unknown}


   Skills:
 - Level 2.0 Fighting
 * Level 3.5 Short Blades
 + Level 1.4(2.0) Slings
 - Level 2.0(2.2) Throwing
 - Level 1.0 Dodging
 - Level 5.5 Stealth


You had 3 spell levels left.
You didn't know any spells.
Your spell library contained the following spells:

 Spells                   Type           Power      Damage    Failure   Level
 Passwall                 Tmut/Erth      0%         N/A       43%         2
 Swiftness                Air            0%         N/A       67%         3
 Invisibility             Hex            0%         N/A       100%        6


Dungeon Overview and Level Annotations

Branches:
Dungeon (3/15)

Altars:


Innate Abilities, Weirdness & Mutations

You cannot wear most types of armour.
You are amphibious.
You can wear up to eight rings at the same time.
Your skin changes colour to match your surroundings (Stealth+).
Your rubbery body absorbs attacks. (AC +1, EV +1)
((You are camouflaged near water. (Stealth+)))
You have tentacles for arms and can constrict up to eight enemies at once.


Message History

The orc barely misses you.
You hit the orc. You grab the orc.
The orc is severely wounded.
You constrict the orc.
The orc struggles to escape constriction.
You hit the orc.
You kill the orc!
You hit the orc. You grab the orc.
The orc is moderately wounded.
You constrict the orc, but do no damage.
The orc struggles to escape constriction.
You hit the orc.
You kill the orc!
You have reached level 4!
You hit the orc priest but do no damage.
Your grab misses the orc priest. The orc hits you with a +0 dagger.
The orc priest begins to cast a cantrip, but forgets the words!
Things that are here:
a +0 hand axe; a +0 whip; an orc corpse You hit the orc priest but do no damage.
You grab the orc priest.
You constrict the orc priest, but do no damage.
The orc priest looks encouraged for a moment.
The orc hits you with a +0 dagger.
You hit the orc priest.
The orc priest is lightly wounded.
You constrict the orc priest.
The orc priest hits you with a +0 hand axe.
* * * LOW HITPOINT WARNING * * *
The orc barely misses you.
You barely miss the orc priest.
The orc priest is moderately wounded.
You constrict the orc priest, but do no damage.
You hit the orc priest but do no damage.
The orc priest is moderately wounded.
You constrict the orc priest. The orc hits you with a +0 dagger.
* * * LOW HITPOINT WARNING * * *
The orc priest hits you with a +0 hand axe!
You die...

#################
.................
#o.†.#
#o##†#########
#@##..o)......
#o<#..........
####...o.(....
.......#####
#(#.##o.# #.#..
... . ... o/.#
##.#. ...#


You could see an orc priest and 2 orcs.

Vanquished Creatures
  2 adders (D:2)
  A worm (D:2)
  A dart slug (D:1)
  2 orcs (D:3)
  4 endoplasms
  2 giant cockroaches
  3 goblins
  2 hobgoblins
  4 bats
  2 frilled lizards
  6 kobolds
  4 rats
33 creatures vanquished.

Notes
Turn   | Place    | Note
-------+----------+-------------------------------------------
     0 | D:1      | Froggeryz the Octopode Brigand began the quest for the Orb.
     0 | D:1      | Reached XP level 1. HP: 14/14 MP: 1/1
   609 | D:1      | Reached XP level 2. HP: 19/19 MP: 2/2
  1051 | D:2      | Reached XP level 3. HP: 24/24 MP: 3/3
  1063 | D:2      | Reached skill level 1 in Slings
  1671 | D:3      | Reached XP level 4. HP: 16/29 MP: 4/4
  1676 | D:3      | Slain by an orc priest

Illustrated notes

Levels and vault maps discovered:
D:1:      minmay_arrival_semitransparent, layout_basic
D:2:      layout_basic
D:3:      layout_basic, nicolae_uskayaw_dance_hall

Skill      XL: |  1  2  3 |
---------------+----------+-----
Short Blades   | 3 |  3.5
Slings         | 1 |  1.4
Fighting       | |  2.0
Throwing       | |  2.0
Dodging        | |  1.0
Stealth        | |  5.5

Action                   |  1- 3 |  4- 6 || total
-------------------------+-------+-------++-------
Melee: Dagger            |    42 |     5 ||    47
       Constrict         |     7 |     1 ||     8
       Tentacles         |     3 |       ||     3
 Fire: Hunting sling     |    29 |       ||    29
 Stab: Sleeping          |    13 |       ||    13
Armor: Skin              |     1 |       ||     1
Dodge: Dodged            |    21 |     1 ||    22

Table legend: (Time is in decaauts)
 A = Elapsed time spent in this place.
 B = Non-inter-level travel time spent in this place.
 C = Inter-level travel time spent in this place.
 D = Time resting spent in this place.
 E = Time spent auto-exploring this place.
 F = Levels seen in this place.
 G = Mean time per level.
                   A        B        C        D        E       F      G
               +--------+--------+--------+--------+--------+-----+--------+
         Total |   1670 |   1625 |     45 |    174 |   1206 |   3 |  556.7 |
       Dungeon |   1670 |   1625 |     45 |    174 |   1206 |   3 |  556.7 |
               +--------+--------+--------+--------+--------+-----+--------+

Top non-repeatable levels by time:
     D:1: 823 daAuts
     D:2: 816 daAuts
     D:3: 30 daAuts
